[Event "2nd Goa GM Open 2019"]
[Site "Goa"]
[Date "2019.06.22"]
[Round "6.11"]
[White "Rahman, Ziaur"]
[Black "Rathanvel, V S"]
[Result "1-0"]
[ECO "A45"]
[WhiteElo "2481"]
[BlackElo "2314"]
[Annotator "ChessBase"]
[PlyCount "61"]
[EventDate "2019.06.17"]
[EventType "swiss"]
[EventCountry "IND"]
[SourceTitle "playchess.com"]
[Source "ChessBase"]
[SourceQuality "1"]
[TimeControl "5400+30"]

1. d4 Nf6 2. Bg5 Ne4 3. Bf4 c5 4. f3 Qa5+ 5. c3 Nf6 6. d5 Qb6 7. Bc1 e6 8. e4 exd5 9. exd5 c4 10. Bxc4 Bc5 11. Ne2 O-O 12. a4 d6 13. Na3 a5 14. Bb5 Bd7 15. Nc4 Qc7 16. Qd3 Re8 17. Bg5 Bxb5 18. axb5 Nbd7 19. O-O-O Nxd5 20. Qxd5 Rxe2 21. Rhe1 Rxe1 22. Rxe1 Ne5 23. f4 Ng6 24. h4 Bf2 25. Re4 Bxh4 26. Bxh4 Nxh4 27. f5 g5 28. Nxd6 Rf8 29. g3 Nf3 30. f6 Qb6 31. Rd4 1-0

[Event "2nd Goa GM Open 2019"]
[Site "Goa"]
[Date "2019.06.22"]
[Round "6.14"]
[White "Aleksandrov, Aleksej"]
[Black "Bharath Subramaniyam H"]
[Result "1-0"]
[ECO "A61"]
[WhiteElo "2588"]
[BlackElo "2383"]
[Annotator "ChessBase"]
[PlyCount "49"]
[EventDate "2019.06.17"]
[EventType "swiss"]
[EventCountry "IND"]
[SourceTitle "playchess.com"]
[Source "ChessBase"]
[SourceQuality "1"]
[TimeControl "5400+30"]

1. d4 Nf6 2. c4 e6 3. Nc3 c5 4. d5 exd5 5. cxd5 d6 6. Nf3 g6 7. Bf4 a6 8. a4 Bg7 9. e3 O-O 10. Be2 Bg4 11. O-O Bxf3 12. Bxf3 Qe7 13. Rb1 Nbd7 14. Qd2 Rfc8 15. Rfc1 Rf8 16. Rf1 Rfc8 17. Rfc1 Ne8 18. a5 g5 19. Bg3 f5 20. Na4 Nef6 21. b4 cxb4 22. Qxb4 Ne4 23. Be2 Ne5 24. Qd2 Rab8 25. Qb4 1-0

[Event "2nd Goa GM Open 2019"]
[Site "Goa"]
[Date "2019.06.22"]
[Round "6.15"]
[White "Gusain, Himal"]
[Black "Turov, Maxim"]
[Result "1-0"]
[ECO "A05"]
[WhiteElo "2404"]
[BlackElo "2579"]
[Annotator "ChessBase"]
[PlyCount "99"]
[EventDate "2019.06.17"]
[EventType "swiss"]
[EventCountry "IND"]
[SourceTitle "playchess.com"]
[Source "ChessBase"]
[SourceQuality "1"]
[TimeControl "5400+30"]

1. Nf3 Nf6 2. c4 e6 3. e3 c5 4. b3 Be7 5. Bb2 O-O 6. Be2 b6 7. O-O Bb7 8. Nc3 d6 9. d4 cxd4 10. Nxd4 a6 11. Bf3 Qc7 12. Bxb7 Qxb7 13. Qe2 Nbd7 14. e4 Ne5 15. Rad1 Rfd8 16. Rd2 Ng6 17. g3 Bf8 18. Rfd1 Rab8 19. a4 Rbc8 20. Nf3 Be7 21. Ba3 Ne8 22. h4 h6 23. Qe3 Bf6 24. Bxd6 Nxd6 25. Rxd6 Rxd6 26. Rxd6 Qc7 27. Rd3 Qc5 28. Qd2 Qa3 29. Nd1 Qc5 30. Qe2 Bd8 31. Ne3 Ne7 32. Nd4 Bc7 33. Nf3 Nc6 34. Kg2 Nb4 35. Rd2 Nc6 36. Nc2 Bd6 37. Nfd4 Nxd4 38. Nxd4 Qc7 39. Nc2 Bc5 40. Qd3 Bf8 41. Qd7 Qxd7 42. Rxd7 b5 43. axb5 axb5 44. Ne3 Bc5 45. cxb5 Rb8 46. Nc4 Rxb5 47. Rd8+ Kh7 48. Rd3 g5 49. h5 Kg7 50. f4 1-0

[Event "2nd Goa GM Open 2019"]
[Site "Goa"]
[Date "2019.06.22"]
[Round "6.16"]
[White "Paichadze, Luka"]
[Black "Nitish Belurkar"]
[Result "1-0"]
[ECO "C13"]
[WhiteElo "2557"]
[BlackElo "2353"]
[Annotator "ChessBase"]
[PlyCount "65"]
[EventDate "2019.06.17"]
[EventType "swiss"]
[EventCountry "IND"]
[SourceTitle "playchess.com"]
[Source "ChessBase"]
[SourceQuality "1"]
[TimeControl "5400+30"]

1. e4 e6 2. d4 d5 3. Nc3 Nf6 4. Bg5 Be7 5. e5 Nfd7 6. h4 c5 7. Bxe7 Kxe7 8. Nf3 Nc6 9. dxc5 Ndxe5 10. Nxe5 Nxe5 11. Qe2 Nc6 12. O-O-O Kf8 13. h5 h6 14. f4 Qa5 15. Qf2 Bd7 16. Bb5 a6 17. Bxc6 bxc6 18. g4 Rb8 19. a3 Qc7 20. Rdf1 Re8 21. g5 Bc8 22. Qg2 e5 23. Rhg1 hxg5 24. Qxg5 f6 25. fxe5 Rxe5 26. Rxf6+ Kg8 27. Qg6 Rh6 28. Qxh6 Re1+ 29. Rxe1 gxh6 30. Rg1+ Kh7 31. Rgg6 Bd7 32. Rf7+ Kh8 33. Rgf6 1-0

[Event "2nd Goa GM Open 2019"]
[Site "Goa"]
[Date "2019.06.22"]
[Round "6.17"]
[White "Sahoo, Utkal Ranjan"]
[Black "Debashis, Das"]
[Result "0-1"]
[ECO "A45"]
[WhiteElo "2371"]
[BlackElo "2544"]
[Annotator "ChessBase"]
[PlyCount "55"]
[EventDate "2019.06.17"]
[EventType "swiss"]
[EventCountry "IND"]
[SourceTitle "playchess.com"]
[Source "ChessBase"]
[SourceQuality "1"]
[TimeControl "5400+30"]

1. d4 Nf6 2. Bg5 d5 3. Bxf6 exf6 4. e3 c5 5. Nc3 Nc6 6. dxc5 Be6 7. Qh5 Bxc5 8. Bd3 g6 9. Qh6 d4 10. Ne4 Qa5+ 11. Kf1 Be7 12. Nf3 O-O-O 13. Ke2 Rhe8 14. Rhe1 dxe3 15. fxe3 Ne5 16. Nxe5 Qxe5 17. Kf1 f5 18. Nf2 Bc5 19. Rec1 Bd5 20. Qf4 Qxb2 21. Rab1 Qe5 22. Qxe5 Rxe5 23. Rb5 Bc6 24. Rb3 f4 25. e4 f5 26. exf5 Bxg2+ 27. Kxg2 Re1 28. Rxe1 0-1

[Event "2nd Goa GM Open 2019"]
[Site "Goa"]
[Date "2019.06.22"]
[Round "6.18"]
[White "Tukhaev, Adam"]
[Black "Samant Aditya S"]
[Result "1-0"]
[ECO "B62"]
[WhiteElo "2527"]
[BlackElo "2342"]
[Annotator "ChessBase"]
[PlyCount "105"]
[EventDate "2019.06.17"]
[EventType "swiss"]
[EventCountry "IND"]
[SourceTitle "playchess.com"]
[Source "ChessBase"]
[SourceQuality "1"]
[TimeControl "5400+30"]

1. e4 c5 2. Nf3 d6 3. d4 cxd4 4. Nxd4 Nf6 5. Nc3 Nc6 6. Bg5 e6 7. Qd3 a6 8. Nxc6 bxc6 9. O-O-O Qa5 10. Qg3 h6 11. Bd2 Qc7 12. Bc4 Rb8 13. Bb3 Nh5 14. Qd3 Be7 15. f4 Nf6 16. Rhg1 Nd7 17. Qg3 Bf8 18. Be3 Qa5 19. f5 e5 20. Qf2 Be7 21. g4 Nc5 22. g5 Nxb3+ 23. cxb3 hxg5 24. Bxg5 Bxg5+ 25. Rxg5 Qd8 26. Rxg7 Qf6 27. Rg3 Ke7 28. Qa7+ Bd7 29. Rgd3 Rbc8 30. Na4 d5 31. Nb6 Qd6 32. f6+ Ke6 33. Nxc8 Rxc8 34. Qe3 Kxf6 35. Rf1+ Ke7 36. Qg5+ Ke8 37. Rxf7 Qc5+ 38. Rc3 Qxc3+ 39. bxc3 Kxf7 40. Qxe5 dxe4 41. Qxe4 Be6 42. Qh7+ Kf6 43. Qa7 Rg8 44. Qxa6 Rg1+ 45. Kb2 Rg2+ 46. Ka3 Rxh2 47. Qxc6 Rh8 48. c4 Rc8 49. Qb7 Ke5 50. Kb4 Kd6 51. a4 Rc7 52. Qb6+ Kd7 53. a5 1-0

[Event "2nd Goa GM Open 2019"]
[Site "Goa"]
[Date "2019.06.22"]
[Round "6.19"]
[White "Roy, Prantik"]
[Black "Burmakin, Vladimir"]
[Result "0-1"]
[ECO "A04"]
[WhiteElo "2365"]
[BlackElo "2526"]
[Annotator "ChessBase"]
[PlyCount "97"]
[EventDate "2019.06.17"]
[EventType "swiss"]
[EventCountry "IND"]
[SourceTitle "playchess.com"]
[Source "ChessBase"]
[SourceQuality "1"]
[TimeControl "5400+30"]

1. Nf3 c6 2. c4 Nf6 3. Nc3 d5 4. e3 e6 5. b3 Bd6 6. Bb2 O-O 7. Qc2 Nbd7 8. d4 Qa5 9. Be2 e5 10. O-O exd4 11. exd4 Re8 12. Bd3 Nf8 13. Rae1 Rxe1 14. Rxe1 Bg4 15. Ne5 Re8 16. h3 Bc8 17. c5 Bxe5 18. Rxe5 Rxe5 19. dxe5 N6d7 20. Na4 Nxe5 21. Bf1 Neg6 22. g3 f6 23. Bc3 Qd8 24. Qd1 Qe7 25. b4 Bf5 26. Nb2 Ne5 27. Bg2 Be4 28. f3 Bg6 29. Qe2 Kf7 30. Kf2 Bb1 31. a3 g5 32. Qd1 Bg6 33. Qd2 Ne6 34. Bf1 Ng7 35. Nd1 Qe6 36. g4 h5 37. Ne3 Qe7 38. Be2 hxg4 39. hxg4 Ne6 40. Ng2 Qc7 41. Bb2 Nd7 42. Qe3 Qh2 43. Kf1 Ne5 44. Bc3 Bb1 45. Qd2 Ng6 46. Bd1 Nh4 47. Nxh4 Qh1+ 48. Kf2 gxh4 49. Be2 0-1

[Event "2nd Goa GM Open 2019"]
[Site "Goa"]
[Date "2019.06.22"]
[Round "6.20"]
[White "Rohith Krishna S"]
[Black "Gagare, Shardul"]
[Result "1/2-1/2"]
[ECO "D47"]
[WhiteElo "2347"]
[BlackElo "2482"]
[Annotator "ChessBase"]
[PlyCount "149"]
[EventDate "2019.06.17"]
[EventType "swiss"]
[EventCountry "IND"]
[SourceTitle "playchess.com"]
[Source "ChessBase"]
[SourceQuality "1"]
[TimeControl "5400+30"]

1. d4 d5 2. Nf3 Nf6 3. c4 c6 4. Nc3 e6 5. e3 Nbd7 6. Bd3 dxc4 7. Bxc4 b5 8. Bb3 b4 9. Na4 Ba6 10. Qc2 Rc8 11. Bc4 Qa5 12. b3 c5 13. dxc5 Nxc5 14. Nxc5 Qxc5 15. Nd2 Bb7 16. Nf3 Ne4 17. Bb2 Nd6 18. Rc1 Nxc4 19. bxc4 f6 20. O-O Qc6 21. Rfd1 Be7 22. Qb3 Kf7 23. a3 a5 24. axb4 axb4 25. h3 Rhd8 26. Rxd8 Rxd8 27. c5 Rd5 28. Qxb4 Rxc5 29. Rxc5 Bxc5 30. Qc4 Qd5 31. Qxd5 Bxd5 32. Bd4 Bb4 33. Nh2 e5 34. Bb2 Ke6 35. Nf1 h5 36. f3 Bc5 37. Bc1 h4 38. Kf2 Bc4 39. Nd2 Bd3 40. Ne4 Be7 41. Ke1 Kd5 42. Nd2 Bc5 43. e4+ Kc6 44. Nf1 g6 45. Bd2 Kd6 46. g4 Bd4 47. Ne3 Ke6 48. Ng2 g5 49. Ne3 Bc5 50. Nd5 Bc4 51. Ne3 Bd3 52. Nd5 Bc4 53. Ne3 Bb3 54. Nf5 Kd7 55. Be3 Bb4+ 56. Bd2 Bc5 57. Be3 Bf8 58. Bb6 Bb4+ 59. Kf2 Bc3 60. Bc5 Be6 61. Ke2 Ba5 62. Kf2 Bd8 63. Ke2 Kc6 64. Be7 Bxe7 65. Nxe7+ Kd6 66. Nf5+ Bxf5 67. gxf5 Kc5 68. Ke3 Kb5 69. Kd3 Kb4 70. Kd2 Kb3 71. Kd3 Kb4 72. Kd2 Kc4 73. Kc2 Kd4 74. Kd2 Kc4 75. Kc2 1/2-1/2

[Event "2nd Goa GM Open 2019"]
[Site "Goa"]
[Date "2019.06.22"]
[Round "6.21"]
[White "Rathnakaran, K.."]
[Black "Kunte, Abhijit"]
[Result "1/2-1/2"]
[ECO "C77"]
[WhiteElo "2338"]
[BlackElo "2478"]
[Annotator "ChessBase"]
[PlyCount "31"]
[EventDate "2019.06.17"]
[EventType "swiss"]
[EventCountry "IND"]
[SourceTitle "playchess.com"]
[Source "ChessBase"]
[SourceQuality "1"]
[TimeControl "5400+30"]

1. e4 e5 2. Nf3 Nc6 3. Bb5 a6 4. Ba4 Nf6 5. Qe2 Be7 6. c3 d6 7. h3 O-O 8. O-O Bd7 9. Bc2 Re8 10. Re1 Bf8 11. d3 Ne7 12. Nh4 h6 13. Qf3 Nh7 14. Bb3 Be6 15. Bxe6 fxe6 16. Qg4 1/2-1/2

[Event "2nd Goa GM Open 2019"]
[Site "Goa"]
[Date "2019.06.22"]
[Round "6.22"]
[White "Vasquez Schroeder, Rodrigo"]
[Black "Pranav Anand"]
[Result "1/2-1/2"]
[ECO "A48"]
[WhiteElo "2476"]
[BlackElo "2340"]
[Annotator "ChessBase"]
[PlyCount "102"]
[EventDate "2019.06.17"]
[EventType "swiss"]
[EventCountry "IND"]
[SourceTitle "playchess.com"]
[Source "ChessBase"]
[SourceQuality "1"]
[TimeControl "5400+30"]

1. d4 Nf6 2. Nf3 g6 3. Bf4 Bg7 4. h3 O-O 5. e3 d6 6. c3 Nbd7 7. Be2 b6 8. a4 Bb7 9. a5 c5 10. O-O Re8 11. Na3 Nd5 12. Bh2 Nc7 13. axb6 axb6 14. Qb3 Bd5 15. Qc2 f5 16. Bc4 Nf6 17. Qb3 Qd7 18. Bxd5+ Ncxd5 19. Nb5 h6 20. Rfd1 Kh7 21. Nd2 Qc6 22. Nc4 Rxa1 23. Rxa1 Ra8 24. Re1 Rb8 25. f3 Nc7 26. Nca3 c4 27. Qa4 Ra8 28. Qxc4 Qxc4 29. Nxc4 Nxb5 30. Nxb6 Ra2 31. Rb1 Ra6 32. Nc4 Nd7 33. Kf1 d5 34. Nd2 e5 35. Nb3 Rb6 36. Bg1 Rb8 37. Nd2 Kg8 38. Ra1 Kf7 39. Ke2 Ke6 40. Kd3 Bf8 41. Kc2 Bd6 42. Ra6 Nc7 43. Ra5 g5 44. dxe5 Nxe5 45. Nb3 Ra8 46. Nd4+ Kf6 47. Rxa8 Nxa8 48. Bh2 Nc7 49. g4 fxg4 50. hxg4 Nf7 51. Bxd6 Nxd6 1/2-1/2

[Event "2nd Goa GM Open 2019"]
[Site "Goa"]
[Date "2019.06.22"]
[Round "6.23"]
[White "Lugovskoy, Maxim"]
[Black "Lokesh, N.."]
[Result "1-0"]
[ECO "C42"]
[WhiteElo "2451"]
[BlackElo "2200"]
[Annotator "ChessBase"]
[PlyCount "77"]
[EventDate "2019.06.17"]
[EventType "swiss"]
[EventCountry "IND"]
[SourceTitle "playchess.com"]
[Source "ChessBase"]
[SourceQuality "1"]
[TimeControl "5400+30"]

1. e4 e5 2. Nf3 Nf6 3. Nc3 Bb4 4. Nxe5 O-O 5. Be2 Re8 6. Nd3 Bxc3 7. dxc3 Nxe4 8. Nf4 Nc6 9. O-O d6 10. Re1 Bf5 11. c4 Ne5 12. Be3 Ng6 13. Nh5 Qh4 14. g3 Qh3 15. Bf3 Ne5 16. Bg2 Qg4 17. Qxg4 Bxg4 18. Bxe4 Bxh5 19. Bxb7 Nf3+ 20. Bxf3 Bxf3 21. c5 dxc5 22. Bxc5 a6 23. Be7 Rab8 24. b3 Rb5 25. c4 Rf5 26. Bd6 Rc8 27. Bxc7 g5 28. Bd6 h5 29. Rac1 Kg7 30. b4 h4 31. a4 hxg3 32. Bxg3 a5 33. b5 Rfc5 34. Rc3 Bd5 35. cxd5 Rxc3 36. Be5+ f6 37. Bxc3 Rxc3 38. Re7+ Kg6 39. d6 1-0

[Event "2nd Goa GM Open 2019"]
[Site "Goa"]
[Date "2019.06.22"]
[Round "6.24"]
[White "Neelash Saha"]
[Black "Himanshu, Sharma"]
[Result "1-0"]
[ECO "D11"]
[WhiteElo "2315"]
[BlackElo "2446"]
[Annotator "NA"]
[PlyCount "24"]
[EventDate "2019.06.17"]
[EventType "swiss"]
[EventCountry "IND"]
[SourceTitle "playchess.com"]
[Source "ChessBase"]
[SourceQuality "1"]
[TimeControl "5400+30"]

1. d4 Nf6 2. c4 c6 3. Nf3 d5 4. e3 g6 5. Nc3 Bg7 6. Be2 O-O 7. O-O Bg4 8. cxd5 cxd5 9. Qb3 b6 10. Bd2 Nc6 11. Rfc1 Na5 12. Qd1 Rc8 1-0

[Event "2nd Goa GM Open 2019"]
[Site "Goa"]
[Date "2019.06.22"]
[Round "6.25"]
[White "Konguvel, Ponnuswamy"]
[Black "Mohammad Nubairshah Shaikh"]
[Result "1-0"]
[ECO "B19"]
[WhiteElo "2293"]
[BlackElo "2436"]
[Annotator "NA"]
[PlyCount "103"]
[EventDate "2019.06.17"]
[EventType "swiss"]
[EventCountry "IND"]
[SourceTitle "playchess.com"]
[Source "ChessBase"]
[SourceQuality "1"]
[TimeControl "5400+30"]

1. e4 c6 2. d4 d5 3. Nc3 dxe4 4. Nxe4 Bf5 5. Ng3 Bg6 6. h4 h6 7. Nf3 Nd7 8. h5 Bh7 9. Bd3 Bxd3 10. Qxd3 e6 11. Bd2 Ngf6 12. O-O-O Be7 13. Kb1 Qb6 14. c4 O-O 15. Rhe1 Rfd8 $11 16. Qc2 Bb4 17. c5 Qa5 18. a3 Bxd2 19. Nxd2 b5 20. Nge4 Rab8 21. Nd6 Qa4 22. Qxa4 bxa4 23. N2c4 Ne8 24. Ne5 Nxd6 25. cxd6 Rb6 26. Rc1 Nf6 27. Nxc6 Rd7 28. Ne5 Rd8 29. Rc7 Rbxd6 30. Nxf7 R8d7 31. Nxd6 Rxc7 32. Rxe6 Nxh5 33. g3 Rc6 34. Re8+ Kh7 35. Nf7 Rc7 36. Rh8+ Kg6 37. Ne5+ Kg5 38. d5 Nf6 39. d6 Rb7 40. Rf8 a6 41. f4+ Kh5 42. Kc2 Nd7 43. Rf7 Nc5 44. Rxb7 Nxb7 45. d7 Nd8 46. Kc3 a5 47. Kc4 g5 48. f5 g4 49. f6 Nb7 50. Kd5 Nd8 51. f7 Nxf7 52. Nxf7 1-0

[Event "2nd Goa GM Open 2019"]
[Site "Goa"]
[Date "2019.06.22"]
[Round "6.26"]
[White "Shyaamnikhil P"]
[Black "Aaryan Varshney"]
[Result "1-0"]
[ECO "B50"]
[WhiteElo "2434"]
[BlackElo "2196"]
[Annotator "NA"]
[PlyCount "93"]
[EventDate "2019.06.17"]
[EventType "swiss"]
[EventCountry "IND"]
[SourceTitle "playchess.com"]
[Source "ChessBase"]
[SourceQuality "1"]
[TimeControl "5400+30"]

1. e4 c5 2. Nf3 d6 3. Nc3 Nf6 4. e5 dxe5 5. Nxe5 Nbd7 6. d4 e6 7. Bb5 a6 8. Bxd7+ Nxd7 9. Qh5 g6 10. Qf3 Qf6 $16 (10... f5 $11 {remains equal.}) 11. Qxf6 Nxf6 12. Bg5 Bg7 13. dxc5 Nd7 14. Nd3 Bxc3+ 15. bxc3 f6 16. Be3 Nb8 17. Nb2 Nc6 18. Nc4 e5 19. f4 Be6 20. Nd6+ Ke7 21. O-O b5 22. fxe5 Nxe5 23. Bd4 Rhf8 24. Bxe5 fxe5 25. Rfe1 Kd7 26. Rxe5 Bg8 27. Rd1 Kc6 28. a3 Rad8 29. Rd4 Rd7 30. h4 h5 31. Kh2 Ba2 32. Kg3 Bg8 33. Rg5 Rf6 34. Ne4 Re6 35. Rxd7 Kxd7 36. Kf4 Kc6 37. Ke3 Bf7 38. Kd4 Bg8 39. Rg3 a5 40. Rf3 Re7 41. Rf6+ Kc7 42. Nd6 Bc4 43. a4 Be2 44. axb5 a4 45. b6+ Kd7 46. b7 Kc7 47. Rf8 1-0

[Event "2nd Goa GM Open 2019"]
[Site "Goa"]
[Date "2019.06.22"]
[Round "6.27"]
[White "Sardana, Rishi"]
[Black "Ram, S. Krishnan"]
[Result "1/2-1/2"]
[ECO "B35"]
[WhiteElo "2428"]
[BlackElo "2152"]
[Annotator "NA"]
[PlyCount "75"]
[EventDate "2019.06.17"]
[EventType "swiss"]
[EventCountry "IND"]
[SourceTitle "playchess.com"]
[Source "ChessBase"]
[SourceQuality "1"]
[TimeControl "5400+30"]

1. e4 c5 2. Nf3 g6 3. d4 cxd4 4. Nxd4 Bg7 5. Nc3 Nc6 6. Be3 Nf6 7. Bc4 Qa5 8. O-O d6 9. h3 O-O 10. Bb3 Bd7 11. f4 Nxd4 12. Bxd4 Bc6 $11 13. Qe1 Qb4 14. Rd1 Nxe4 15. Bxg7 Kxg7 16. Nd5 Qxe1 17. Rfxe1 f5 18. Nxe7 Rfe8 19. Nxc6 bxc6 20. Ba4 Rec8 21. c4 Rab8 22. Bc2 Rxb2 23. Bxe4 fxe4 24. Rxd6 Rc7 25. a3 Ra2 26. Rxe4 Rxa3 27. Ree6 Rc3 28. Rxc6 Rxc4 29. Rxc4 Rxc4 30. Re7+ Kg8 31. f5 a5 32. fxg6 hxg6 33. Ra7 Rc5 34. Kf2 Kf8 35. Ke3 Kg8 36. Kd4 Rc2 37. g4 Rh2 38. Ke5 1/2-1/2

[Event "2nd Goa GM Open 2019"]
[Site "Goa"]
[Date "2019.06.22"]
[Round "6.28"]
[White "Michelle Catherina, P."]
[Black "Muthaiah AL"]
[Result "1/2-1/2"]
[ECO "B18"]
[WhiteElo "2182"]
[BlackElo "2420"]
[Annotator "NA"]
[PlyCount "190"]
[EventDate "2019.06.17"]
[EventType "swiss"]
[EventCountry "IND"]
[SourceTitle "playchess.com"]
[Source "ChessBase"]
[SourceQuality "1"]
[TimeControl "5400+30"]

1. e4 c6 2. d4 d5 3. Nd2 dxe4 4. Nxe4 Bf5 5. Ng3 Bg6 6. h4 h6 7. Nf3 e6 8. Ne5 Bh7 9. Bd3 Bxd3 10. Qxd3 Nd7 11. f4 Be7 12. Bd2 Nxe5 13. fxe5 Bxh4 14. O-O-O Bxg3 15. Qxg3 Ne7 16. Qxg7 Rg8 17. Qxh6 Qd5 18. Kb1 O-O-O 19. Qf6 Rxg2 20. Qxe7 Rxd2 21. Qxd8+ Kxd8 22. Rh8+ Ke7 23. Rxd2 c5 24. c3 Qe4+ 25. Kc1 Qe1+ 26. Rd1 Qe3+ 27. Kb1 Qf3 28. Rhh1 b5 29. Rhe1 c4 30. Rf1 Qe2 31. Rc1 b4 32. cxb4 Qd3+ 33. Ka1 Qxd4 34. Rfe1 Qd2 35. a3 a6 36. Kb1 Qd3+ 37. Ka2 Qd2 38. Ka1 Kf8 39. Rcd1 Qc2 40. Rd8+ Ke7 41. Rc8 Qd2 42. Rf1 Qe2 43. Rc7+ Kd8 44. Rcxf7 c3 45. Rf8+ Kc7 46. R1f7+ Kb6 47. Rb8+ Kc6 48. Rc8+ Kd5 49. Rxc3 Kxe5 50. Rfc7 Kf4 51. Rf7+ Ke4 52. Rc5 Qd1+ 53. Ka2 Qd6 54. Rf1 Qd2 55. Rf6 Qd7 56. Rf2 Qd3 57. Rh2 Qd6 58. Rh4+ Kf3 59. Rhh5 Kf4 60. Rc4+ Kf3 61. Rhc5 e5 62. Rc3+ Kf4 63. R5c4+ e4 64. Rc2 Kf3 65. Rc6 Qd5+ 66. b3 e3 67. Rf6+ Ke4 68. Rh6 Kd3 69. Rhh2 Qe5 70. Rb2 Qe4 71. Rhg2 Qe5 72. Rg1 Qh5 73. Re1 Qg4 74. Rh2 Qf3 75. a4 Qg4 76. Ka3 Qf3 77. a5 Qg4 78. Rb2 Qf3 79. Ra2 Qg4 80. Rb2 Qf3 81. Rbe2 Qxe2 82. Rxe2 Kxe2 83. b5 axb5 84. a6 b4+ 85. Ka4 Kd3 86. a7 e2 87. a8=Q e1=Q 88. Qd5+ Kc2 89. Qg2+ Kb1 90. Qg4 Kb2 91. Qxb4 Qe8+ 92. Ka5 Qa8+ 93. Kb6 Qa3 94. Qxa3+ Kxa3 95. b4 Kxb4 1/2-1/2

[Event "2nd Goa GM Open 2019"]
[Site "Goa"]
[Date "2019.06.22"]
[Round "6.29"]
[White "Divya Deshmukh"]
[Black "Sarbojit Paul"]
[Result "0-1"]
[ECO "B47"]
[WhiteElo "2414"]
[BlackElo "2023"]
[Annotator "NA"]
[PlyCount "62"]
[EventDate "2019.06.17"]
[EventType "swiss"]
[EventCountry "IND"]
[SourceTitle "playchess.com"]
[Source "ChessBase"]
[SourceQuality "1"]
[TimeControl "5400+30"]

1. e4 c5 2. Nf3 e6 3. d4 cxd4 4. Nxd4 Nc6 5. Nc3 Qc7 6. Be2 Nf6 7. O-O Be7 8. Be3 O-O 9. f4 d6 10. g4 Nxd4 11. Bxd4 e5 12. Be3 exf4 13. Bxf4 Qc5+ 14. Kh1 Be6 15. g5 Nd7 16. Qd3 Ne5 17. Qg3 Rac8 18. a3 a6 19. h4 f6 20. h5 fxg5 21. Bxg5 Bxg5 22. Qxg5 Ng4 23. Qh4 Nf2+ 24. Kh2 Qe5+ 25. Qg3 Rf4 26. h6 g6 27. Rad1 Rcf8 28. Rd5 Bxd5 29. exd5 R8f5 30. Re1 Rg5 31. Bg4 Nxg4+ 0-1

[Event "2nd Goa GM Open 2019"]
[Site "Goa"]
[Date "2019.06.22"]
[Round "6.30"]
[White "Kushagra Mohan"]
[Black "Harshavardhan G B"]
[Result "1/2-1/2"]
[ECO "C80"]
[WhiteElo "2207"]
[BlackElo "2406"]
[Annotator "NA"]
[PlyCount "31"]
[EventDate "2019.06.17"]
[EventType "swiss"]
[EventCountry "IND"]
[SourceTitle "playchess.com"]
[Source "ChessBase"]
[SourceQuality "1"]
[TimeControl "5400+30"]

1. e4 e5 2. Nf3 Nc6 3. Bb5 a6 4. Ba4 Nf6 5. O-O Nxe4 6. d4 b5 7. Bb3 d5 8. dxe5 Be6 9. Nbd2 Nc5 10. c3 d4 11. Bxe6 Nxe6 12. cxd4 Ncxd4 13. Nb3 c5 14. Nfxd4 Nxd4 15. Nxd4 cxd4 16. Qg4 1/2-1/2

[Event "2nd Goa GM Open 2019"]
[Site "Goa"]
[Date "2019.06.22"]
[Round "7.2"]
[White "Kostenko, Petr"]
[Black "Jojua, Davit"]
[Result "1/2-1/2"]
[ECO "D10"]
[WhiteElo "2473"]
[BlackElo "2580"]
[Annotator "ChessBase"]
[PlyCount "61"]
[EventDate "2019.06.17"]
[EventType "swiss"]
[EventCountry "IND"]
[SourceTitle "playchess.com"]
[Source "ChessBase"]
[SourceQuality "1"]
[TimeControl "5400+30"]

1. d4 d5 2. c4 c6 3. cxd5 cxd5 4. Nc3 Nc6 5. Bf4 Nf6 6. e3 Bf5 7. Bd3 Bxd3 8. Qxd3 e6 9. Nf3 Bd6 10. Bxd6 Qxd6 11. O-O O-O 12. Rfc1 Rac8 13. a3 Nd7 14. Rc2 Ne7 15. Rac1 Rc6 16. Na2 Rfc8 17. Nb4 Rxc2 18. Rxc2 Rxc2 19. Qxc2 a5 20. Nd3 Qc6 21. Qxc6 Nxc6 22. Kf1 Kf8 23. Ke2 Ke7 24. h3 f6 25. Nd2 Kd6 26. f4 e5 27. dxe5+ fxe5 28. g4 g6 29. e4 Nd4+ 30. Ke3 Nc2+ 31. Ke2 1/2-1/2

[Event "2nd Goa GM Open 2019"]
[Site "Goa"]
[Date "2019.06.22"]
[Round "7.3"]
[White "Rahul Srivatshav P"]
[Black "Iniyan, P."]
[Result "0-1"]
[ECO "A04"]
[WhiteElo "2395"]
[BlackElo "2525"]
[Annotator "ChessBase"]
[PlyCount "64"]
[EventDate "2019.06.17"]
[EventType "swiss"]
[EventCountry "IND"]
[SourceTitle "playchess.com"]
[Source "ChessBase"]
[SourceQuality "1"]
[TimeControl "5400+30"]

1. Nf3 c5 2. c4 Nc6 3. b3 e6 4. Bb2 d5 5. cxd5 exd5 6. g3 d4 7. Bg2 g6 8. O-O Bg7 9. Qc1 Qd6 10. Na3 Nf6 11. Nb5 Qe7 12. Nfxd4 cxd4 13. Bxc6+ bxc6 14. Qxc6+ Qd7 15. Qxa8 O-O 16. Nxd4 Bb7 17. Qxa7 Ra8 18. Qc5 Qh3 19. f3 Ng4 20. Rf2 Nxf2 21. Kxf2 Qxh2+ 22. Kf1 Qxg3 23. Rc1 Be5 24. Qb6 Qh3+ 25. Ke1 Qh1+ 26. Kf2 Qh4+ 27. Ke3 Ba6 28. Ne6 Qh6+ 29. f4 Qh3+ 30. Ke4 Bxb2 31. Qxa6 f5+ 32. Kd5 Qg2+ 0-1

[Event "2nd Goa GM Open 2019"]
[Site "Goa"]
[Date "2019.06.22"]
[Round "7.4"]
[White "Rahman, Ziaur"]
[Black "Sankalp Gupta"]
[Result "1/2-1/2"]
[ECO "A45"]
[WhiteElo "2481"]
[BlackElo "2359"]
[Annotator "ChessBase"]
[PlyCount "33"]
[EventDate "2019.06.17"]
[EventType "swiss"]
[EventCountry "IND"]
[SourceTitle "playchess.com"]
[Source "ChessBase"]
[SourceQuality "1"]
[TimeControl "5400+30"]

1. d4 Nf6 2. Bg5 e6 3. e4 h6 4. Bxf6 Qxf6 5. c3 c5 6. Nf3 cxd4 7. cxd4 Bb4+ 8. Nc3 O-O 9. Bd3 d6 10. O-O Bxc3 11. bxc3 e5 12. h3 Nc6 13. Bc2 Qg6 14. Nh4 Qf6 15. Nf3 Qg6 16. Nh4 Qf6 17. Nf3 1/2-1/2

[Event "2nd Goa GM Open 2019"]
[Site "Goa"]
[Date "2019.06.22"]
[Round "7.7"]
[White "Lugovskoy, Maxim"]
[Black "Gupta, Abhijeet"]
[Result "0-1"]
[ECO "C07"]
[WhiteElo "2451"]
[BlackElo "2606"]
[Annotator "RC"]
[PlyCount "100"]
[EventDate "2019.06.17"]
[EventType "swiss"]
[EventCountry "IND"]
[SourceTitle "playchess.com"]
[Source "ChessBase"]
[SourceQuality "1"]
[TimeControl "5400+30"]

1. e4 e6 2. d4 d5 3. Nd2 c5 4. exd5 Qxd5 5. Ngf3 cxd4 6. Bc4 Qd7 7. O-O Nc6 8. Nb3 a6 9. Nfxd4 Nxd4 10. Qxd4 Qxd4 11. Nxd4 Bd7 12. Be3 Nf6 13. Rad1 Rc8 14. Bb3 a5 15. Nf3 b5 16. c3 Bc5 17. Ne5 a4 18. Bc2 Bxe3 19. fxe3 Rc7 20. Bd3 Rc5 21. Nxd7 Nxd7 22. Rf4 Ke7 23. Rb4 Rb8 24. a3 Ne5 25. Be2 f5 26. Rbd4 g5 27. g4 fxg4 28. Bxg4 Rb7 29. Be2 Nc4 30. Bxc4 bxc4 31. R1d2 h5 32. h3 e5 33. Rd6 Rcb5 34. Rc6 Rxb2 35. Rxb2 Rxb2 36. Rxc4 Kf6 37. h4 Re2 38. hxg5+ Kxg5 39. Rxa4 Rxe3 40. Rc4 h4 41. Kh2 e4 42. Rc8 Re2+ 43. Kh3 Rc2 44. Rg8+ Kf4 45. Rf8+ Ke3 46. a4 Rxc3 47. Kxh4 Kd2 48. Rf2+ Ke1 49. Ra2 e3 50. Ra1+ Kf2 0-1